 Dungeon Crawl Stone Soup version 0.30-a0-852-g08b95dd62f (webtiles) character file.

Game seed: 10128774214178497394

129215 browni3141 the Impassioned (level 17, -3/101 HPs)
             Began as a Kobold Artificer on Mar 4, 2023.
             Was a Follower of Uskayaw.
             Slain by a juggernaut (49 damage)
             ... on level 1 of the Depths.
             The game lasted 01:47:07 (30205 turns).

browni3141 the Impassioned (Kobold Artificer)      Turns: 30205, Time: 01:47:07

Health: -3/101     AC: 14    Str:  9    XL:     17   Next: 61%
Magic:  24/29      EV: 21    Int: 18    God:    Uskayaw [*.....]
Gold:   177        SH: 13    Dex: 24    Spells: 9/24 levels left

rFire   + + .      SeeInvis .    w - +2 short sword (venom)
rCold   + . .      Faith    .    C - +0 kite shield
rNeg    . . .      Spirit   .    E - +3 ring mail {rC+}
rPois   +          Reflect  .    J - +2 helmet {Int+3}
rElec   .          Rampage  .    K - +2 cloak
rCorr   +                        h - +2 pair of gloves
Will    .....                    (no boots)
Stlth   ++++++                   g - amulet of regeneration
HPRegen 1.16/turn                Y - ring "Hoafestric" {rF++ rCorr Dex+3}
MPRegen 0.21/turn                G - ring of poison resistance

@: weak-willed, corroded, studying Air Magic
A: small, no large weapons, nightstalker 3
a: Renounce Religion, Stomp


You were on level 1 of the Depths.
You worshipped Uskayaw.
Uskayaw was most pleased with you.
You visited 5 branches of the dungeon, and saw 24 of its levels.
You also visited: Gauntlet and Volcano.

You collected 4099 gold pieces.
You spent 3922 gold pieces at shops.

Inventory:

Hand Weapons
 w - a +2 short sword of venom (weapon)
Missiles
 i - 18 poisoned darts
 q - 10 boomerangs
 Z - 2 atropa-tipped darts
Armour
 h - a +2 pair of gloves (worn)
 C - a +0 kite shield (worn)
 E - a +3 ring mail of cold resistance (worn)
 J - a +2 helmet of intelligence (worn)
 K - a +2 cloak (worn)
Jewellery
 g - an amulet of regeneration (around neck)
 k - a ring of ice
 x - a +4 ring of protection
 A - an amulet of reflection
 G - a ring of poison resistance (right hand)
 P - a +6 ring of dexterity
 W - a ring of positive energy
 Y - the ring "Hoafestric" (left hand) {rF++ rCorr Dex+3}
   (You found it in a Gauntlet)

   [ring of resist corrosion]

   Dex:       It affects your dexterity (+3).
   rF:        It greatly protects you from fire.
   rCorr:     It protects you from acid and corrosion.
Wands
 c - a wand of flame (29)
 d - a wand of charming (1)
 u - a wand of acid (3)
 H - a wand of polymorph (10)
 N - a wand of mindburst (10)
 T - a wand of paralysis (1)
 U - a wand of digging (3)
Scrolls
 b - a scroll of fog
 f - 10 scrolls of teleportation
 l - a scroll of blinking
 m - 3 scrolls of magic mapping
 s - 3 scrolls of vulnerability
 t - a scroll of torment
 B - 3 scrolls of silence
 I - 2 scrolls of brand weapon
 Q - a scroll of poison
 S - 5 scrolls of immolation
Potions
 a - 2 potions of berserk rage
 e - 15 potions of curing
 j - 5 potions of brilliance
 n - 2 potions of might
 o - 10 potions of flight
 p - 3 potions of heal wounds
 r - 3 potions of invisibility
 v - 4 potions of ambrosia
 z - 6 potions of haste
 D - 4 potions of attraction
 F - 4 potions of lignification
 R - a potion of resistance {unknown}
 V - 2 potions of magic {unknown}
Miscellaneous
 L - a phantom mirror (inert)
 O - a tin of tremorstones (1/2)
 X - a box of beasts (inert)


   Skills:
 - Level 9.6 Fighting
 - Level 10.0 Short Blades
 - Level 4.0 Throwing
 - Level 5.0 Armour
 - Level 13.2 Dodging
 - Level 12.2 Stealth
 - Level 10.0 Shields
 - Level 4.0 Spellcasting
 - Level 8.1 Hexes
 * Level 6.3 Translocations
 * Level 1.5 Transmutations
 - Level 3.0 Ice Magic
 - Level 10.0 Air Magic
 * Level 1.5 Earth Magic
 - Level 16.6 Invocations
 - Level 6.0 Evocations


You had 9 spell levels left.
You knew the following spells:

 Your Spells              Type           Power      Damage    Failure   Level
a - Ensorcelled Hibernat  Hex/Ice        46%        N/A       19%         2
b - Tukima's Dance        Hex            32%        N/A       13%         3
c - Blink                 Tloc           52%        N/A       14%         2
d - Vhi's Electric Charg  Tloc/Air       64%        N/A       13%         3
e - Passwall              Tmut/Erth      7%         N/A       67%         2
f - Swiftness             Air            39%        N/A       6%          3

Your spell library contained the following spells:

 Spells                   Type           Power      Damage    Failure   Level
 Static Discharge         Conj/Air       42%        2-4/arc   22%         2
 Kindle Blastsparks       Fire/Tloc/Air  46%        2d13      36%         3
 Inner Flame              Hex/Fire       18%        N/A       56%         3
 Manifold Assault         Tloc           26%        N/A       65%         4
 Passage of Golubria      Tloc           26%        N/A       65%         4
 Ozocubu's Armour         Ice            14%        N/A       71%         3
 Foxfire                  Conj/Fire      12%        2x1d4     75%         1
 Necrotise                Necr           12%        1d4       75%         1
 Scorch                   Fire           6%         2d5       87%         2
 Hailstorm                Conj/Ice       9%         3d4       88%         3
 Anguish                  Hex/Necr       9%         N/A       92%         4
 Fulminant Prism          Conj/Hex       9%         3d7       92%         4
 Spider Form              Tmut/Pois      6%         N/A       95%         3
 Ignite Poison            Fire/Tmut/Pois 5%         N/A       96%         3
 Iskenderun's Mystic Bla  Conj/Tloc      14%        2d5       97%         4
 Vampiric Draining        Necr           3%         2d6       98%         3
 Ice Form                 Ice/Tmut       11%        N/A       99%         4
 Arcjolt                  Conj/Air       10%        1d20      99%         5
 Freezing Cloud           Conj/Ice/Air   9%         6-21      99%         5
 Lightning Bolt           Conj/Air       10%        1d23      99%         5
 Yara's Violent Unravell  Hex/Tmut       10%        3d6       99%         5
 Flame Wave               Conj/Fire      3%         2d5       100%        4
 Sticky Flame             Conj/Fire      3%         2d3       100%        4
 Agony                    Necr           3%         N/A       100%        5
 Fireball                 Conj/Fire      1%         3d3       100%        5
 Lee's Rapid Deconstruct  Erth           4%         3d5*      100%        5
 Dispersal                Tloc           13%        N/A       100%        6
 Simulacrum               Ice/Necr       4%         N/A       100%        6
 Starburst                Conj/Fire      1%         6d3       100%        6
 Summon Cactus Giant      Summ           1%         N/A       100%        6
 Enfeeble                 Hex            16%        N/A       100%        7
 Ozocubu's Refrigeration  Ice            7%         4d9       100%        7
 Storm Form               Tmut/Air       12%        N/A       100%        7
 Chain Lightning          Conj/Air       10%        3d14      100%        9
 Fire Storm               Conj/Fire      1%         8d1       100%        9
 Shatter                  Erth           4%         3d8*      100%        9


Dungeon Overview and Level Annotations

Branches:
Dungeon (15/15)            Temple (1/1) D:6            Lair (5/5) D:8
  Swamp (0/4) Lair:2        Snake (0/4) Lair:2        Slime (0/5) Lair:5
    Orc (2/2) D:12            Elf (0/3) Orc:2        Vaults (0/5) D:13
 Depths (1/4) D:15        Volcano (visited)         Gauntlet (visited)

Altars:
Ashenzari
Cheibriados
Dithmenos
Elyvilon
Fedhas
Gozag
Hepliaklqana
Kikubaaqudgha
Makhleb
Nemelex Xobeh
Okawaru
Qazlal
Ru
Sif Muna
Trog
Uskayaw
Vehumet
Wu Jian
Xom
Yredelemnul
Zin
The Shining One

Shops:
D:10 [   D:13 *   Orc:1 !   Orc:2 !:=   Depths:1 (

Portals:
Hell: Depths:1
Ziggurat: Depths:1

Annotations:
D:9 1 runed translucent door, exclusion: door, DiggyJ's ghost, novice HOFi
D:14 Louise
Lair:1 2 transporters, Airmonger's ghost, journeyman DjCj
Depths:1 3 runed translucent doors


Innate Abilities, Weirdness & Mutations

You are small and have problems with some larger weapons.
You are completely attuned to the shadows.


Message History

Press: ? - help, Shift-Dir - straight line, f/p - juggernaut
Aim: a juggernaut (lightly wounded, extremely poisoned, weak-willed, chance to affect: 29%)
The juggernaut easily resists.
The sentinel's mark upon you fades away.
The juggernaut is engulfed in poison gas.
The juggernaut looks as sick as possible!
Blink to where?
Press: ? - help, Dir - move target, p - juggernaut
As you read the scroll of blinking, it crumbles to dust.
The juggernaut is engulfed in poison gas.
The juggernaut looks as sick as possible!
Aiming: Fastroot
Press: ? - help, Shift-Dir - straight line, f - juggernaut
Aim: a juggernaut (moderately wounded, extremely poisoned, weak-willed)
The roots erupt in riotous growth!
Roots grab the juggernaut.
The now-empty wand crumbles to dust.
The grasping roots constrict the juggernaut, but do no damage.
The juggernaut struggles to escape constriction. x2
Aiming: Paralyse
Press: ? - help, Shift-Dir - straight line, f/p - juggernaut
Aim: a juggernaut (lightly wounded, extremely poisoned, weak-willed, constricted by roots, chance to affect: 29%)
The juggernaut easily resists.
The grasping roots constrict the juggernaut!
The juggernaut struggles to escape constriction.
You can now pass through a line of other dancers.
Aiming: Paralyse
Press: ? - help, Shift-Dir - straight line, f/p - juggernaut
Aim: a juggernaut (moderately wounded, extremely poisoned, weak-willed, constricted by roots, chance to affect: 29%)
The juggernaut easily resists.
The grasping roots constrict the juggernaut, but do no damage.
The roots release their grip on the juggernaut.
Aiming: Line Pass
Press: ? - help, Dir - move target, p - juggernaut The juggernaut appears confused.
You can no longer pass through a line of other dancers.
The juggernaut is engulfed in poison gas.
The juggernaut looks as sick as possible!
The juggernaut hits you!!!
You die...

...###.####.......#
#...#.....'.....###
#...#####.#.....# ##'##.#
###.....# ...#..####....####
...'.....#'####..##
..##.....#..☼.○...##
###......'...○.○C..#
..#......#...☼○.@☼°###
..#......#...○..○###.##
'##......#.....○>#....#
..#....#'#'#######....#
.......#....#.........#####
.......#...##.............##
......†#...#..C............#
.∩..)..#...#)...........(..#
.....###...#...............#


You could see a juggernaut (confused, extremely poisoned, weak-willed).

Vanquished Creatures
  A caustic shrike (Depths:1)
  A titan (Depths:1)
  A tengu reaver (Depths:1)
  A fire giant (Depths:1)
  2 very ugly things (Depths:1)
  4 stone giants (Depths:1)
  A juggernaut zombie (Depths:1)
  A spark wasp (Depths:1)
  A minotaur (Gauntlet)
  A dire elephant (Lair:5)
  An ettin (Depths:1)
  Josephine (D:13)
  2 fire dragons
  The ghost of patfeehan111222 the Cruncher, a journeyman MiBe of Trog (D:11)
  Fannar (Lair:3)
  3 ice dragons
  2 rakshasas (Depths:1)
  7 hydras
  A radroach (shapeshifter) (Depths:1)
  3 catoblepae
  2 death knights (D:15)
  4 deep troll shamans
  5 centaur warriors
  2 dancing weapons (D:13)
  3 boulder beetles
  2 two-headed ogres
  5 death yaks
  3 deep troll earth magi (Depths:1)
  2 skeletal warriors (D:15)
  6 orc high priests
  2 iron trolls
  A death drake (Depths:1)
  4 deep trolls (Depths:1)
  An orange crystal statue (Gauntlet)
  A deep elf archer (Volcano)
  A wizard (D:15)
  A necromancer (D:15)
  A golden dragon skeleton (Depths:1)
  9 orc knights
  8 deep elf pyromancers
  An oklob plant (Orc:1)
  2 orc sorcerers
  6 ugly things
  A salamander (Lair:2)
  The ghost of Dittersdorf the Shield-Bearer, a novice GrFi (D:7)
  6 cyclopes
  2 manticores
  3 black mambas
  20 elephants
  3 centaur zombies (D:12)
  A titan simulacrum (Depths:1)
  A torpor snail (Lair:1)
  Joseph (D:10)
  6 cane toads
  3 gargoyles
  A rime drake (Lair:1)
  Maggie (D:7)
  2 unseen horrors
  2 kobold demonologists (D:11)
  10 komodo dragons
  3 freezing wraiths
  An efreet (D:14)
  2 tengu conjurers
  A meliai (Gauntlet)
  7 trolls
  An unseen horror skeleton (D:7)
  A shadow dragon simulacrum (Depths:1)
  2 polar bears
  16 blink frogs
  2 meliai zombies (D:12)
  4 slime creatures (D:12)
  5 shadows
  2 vampires (D:12)
  54 yaks
  11 water elementals
  8 wyverns
  12 wraiths
  5 basilisks
  5 fire elementals (Volcano)
  2 steam dragons
  A warg (Orc:1)
  16 vampire mosquitoes
  Menkaure (D:7)
  2 acid dragons
  5 hell hounds (Volcano)
  7 water moccasins
  27 orc warriors
  3 black bears
  2 ice beasts (D:6)
  A sky beast (D:7)
  13 wolves
  7 ogres
  6 centaurs
  4 bullfrogs
  3 scorpions
  6 wights (D:7)
  8 killer bees
  3 howler monkeys
  2 electric eels
  3 lava snakes (Lair:2)
  Crazy Yiuf (D:5)
  29 orc priests
  3 hounds
  Terence (D:3)
  5 iguanas
  Natasha (twice) (D:3)
  19 orc wizards
  A boggart zombie (D:12)
  3 bullfrog simulacra (D:6)
  A spectral howler monkey (D:7)
  6 adders
  10 gnolls
  2 shadow imps
  4 white imps
  2 howler monkey simulacra (D:7)
  2 ufetubi
  2 worms (D:2)
  A dart slug (D:1)
  The ghost of Ceno the Sneak, a weakling FeDe (D:6)
  83 orcs
  6 bats
  6 endoplasms
  3 giant cockroaches
  7 goblins
  8 hobgoblins
  2 jackals (D:5)
  3 quokkas
  6 ball pythons
  A frilled lizard (D:1)
  5 kobolds
  24 rats
685 creatures vanquished.

Vanquished Creatures (collateral kills)
  A juggernaut (Depths:1)
  A tentacled monstrosity (Depths:1)
  A quicksilver dragon (Depths:1)
  A storm dragon (Depths:1)
  A stone giant (Depths:1)
  A catoblepas (Lair:5)
  5 death yaks
  2 deep troll earth magi (Depths:1)
  A death drake (Depths:1)
  A water elemental (Depths:1)
  2 orc warriors (Orc:2)
17 creatures vanquished.

Vanquished Creatures (others)
  A spark wasp (Depths:1)
  A deep troll earth mage (Depths:1)
  A black mamba (Lair:2)
  An orc warrior (Orc:1)
  2 wights (D:7)
  A hound (D:4)
  18 fungi
  69 plants
94 creatures vanquished.

Grand Total: 796 creatures vanquished

Notes
Turn   | Place    | Note
-------+----------+-------------------------------------------
     0 | D:1      | browni3141 the Kobold Artificer began the quest for the
                  | Orb.
     0 | D:1      | Reached XP level 1. HP: 12/12 MP: 1/1
   257 | D:1      | Reached XP level 2. HP: 16/16 MP: 2/2
   671 | D:1      | Reached skill level 1 in Short Blades
   671 | D:1      | Reached XP level 3. HP: 7/20 MP: 3/3
  1340 | D:2      | Found a faded altar of an unknown god.
  1437 | D:2      | Reached XP level 4. HP: 10/25 MP: 4/4
  2180 | D:2      | Reached XP level 5. HP: 29/29 MP: 5/5
  2373 | D:3      | Learned a level 2 spell: Ensorcelled Hibernation
  2530 | D:3      | Noticed Terence
  2533 | D:3      | Killed Terence
  2606 | D:3      | Noticed Natasha
  2611 | D:3      | Killed Natasha
  2612 | D:3      | Reached skill level 1 in Spellcasting
  2612 | D:3      | Reached skill level 1 in Hexes
  2612 | D:3      | Reached skill level 1 in Ice Magic
  2843 | D:3      | Reached XP level 6. HP: 34/34 MP: 8/8
  3023 | D:3      | Noticed Natasha
  3028 | D:3      | Killed Natasha
  3424 | D:4      | You fall into a shaft and drop 2 floors!
  3433 | D:6      | Noticed a white ugly thing
  3448 | D:5      | Entered Level 5 of the Dungeon
  3844 | D:4      | Noticed an ogre
  3863 | D:4      | Reached skill level 1 in Throwing
  3863 | D:4      | Killed an ogre
  3864 | D:4      | Reached skill level 5 in Stealth
  4015 | D:4      | Found an iron altar of Okawaru.
  4078 | D:4      | Found a shimmering altar of Xom.
  4232 | D:5      | Reached XP level 7. HP: 38/38 MP: 10/10
  4429 | D:5      | Reached skill level 1 in Shields
  4725 | D:5      | Found an ornate altar of the Wu Jian Council.
  5009 | D:5      | Identified the +1 short sword "Qeasseono" {speed, rF- Dex+2
                  | Stlth+}
  5376 | D:5      | Found a runed translucent door.
  5494 | D:5      | Noticed Crazy Yiuf
  5497 | D:5      | Killed Crazy Yiuf
  5695 | D:6      | Reached XP level 8. HP: 39/43 MP: 11/11
  5835 | D:6      | Found a burning altar of Makhleb.
  5838 | D:6      | Found a broken altar of Ashenzari.
  5841 | D:6      | Found a hide-covered altar of Uskayaw.
  5844 | D:6      | Found a basalt altar of Yredelemnul.
  5845 | D:6      | Became a worshipper of Uskayaw the Reveller
  5848 | D:6      | Found a bloodstained altar of Trog.
  5897 | D:6      | Found a staircase to the Ecumenical Temple.
  5901 | D:6      | Reached * piety under Uskayaw
  5903 | D:6      | Reached skill level 1 in Armour
  5908 | Temple   | Entered the Ecumenical Temple
  6128 | D:6      | Found a runed translucent gate.
  6129 | D:6      | Found a runed translucent gate.
  6130 | D:6      | Found a runed translucent gate.
  6323 | D:6      | Noticed Ceno's ghost (weakling FeDe)
  6422 | D:6      | Killed a white ugly thing
  6423 | D:6      | Reached skill level 5 in Evocations
  6631 | D:7      | Reached XP level 9. HP: 48/48 MP: 12/12
  6694 | D:7      | Noticed Maggie
  6698 | D:7      | Reached ** piety under Uskayaw
  6704 | D:7      | Reached *** piety under Uskayaw
  6705 | D:7      | Killed Maggie
  6706 | D:7      | Reached skill level 5 in Hexes
  6894 | D:7      | Reached skill level 5 in Shields
  6894 | D:7      | Reached skill level 1 in Invocations
  6938 | D:7      | Found an opulent altar of Gozag.
  7162 | D:7      | Noticed Menkaure
  7166 | D:7      | Killed Menkaure
  7167 | D:7      | Reached skill level 2 in Invocations
  7184 | D:7      | Reached skill level 3 in Invocations
  7363 | D:7      | Found a runed translucent gate.
  7363 | D:7      | Found a runed translucent gate.
  7363 | D:7      | Found a runed translucent gate.
  7879 | D:8      | Reached **** piety under Uskayaw
  7881 | D:8      | Reached skill level 5 in Short Blades
  7881 | D:8      | Reached skill level 4 in Invocations
  7881 | D:8      | Reached XP level 10. HP: 34/53 MP: 13/13
  8136 | D:8      | Reached skill level 5 in Invocations
  8486 | D:8      | Reached skill level 6 in Invocations
  8636 | D:8      | Found a sacrificial altar of Ru.
  8702 | D:8      | Found a shadowy altar of Dithmenos.
  8810 | D:8      | Noticed a two-headed ogre
  8816 | D:8      | Killed a two-headed ogre
  8817 | D:8      | Reached skill level 7 in Invocations
  8817 | D:8      | Reached XP level 11. HP: 49/57 MP: 16/16
  8968 | D:8      | Found a staircase to the Lair.
  9200 | D:9      | Found an ancient bone altar of Kikubaaqudgha.
  9742 | D:9      | Found a runed translucent door.
  9770 | D:9      | Reached skill level 8 in Invocations
  9951 | D:9      | Found a shimmering altar of Xom.
  9951 | D:9      | Noticed DiggyJ's ghost (novice HOFi)
  9952 | D:9      | Noticed a +1 trident of chaos
 10246 | D:9      | Found a stormy altar of Qazlal.
 10431 | D:10     | Entered Level 10 of the Dungeon
 10500 | D:10     | Reached skill level 9 in Invocations
 10589 | D:10     | Reached skill level 10 in Invocations
 10947 | D:10     | Found Uhawur's Armour Emporium.
 11213 | D:10     | Reached skill level 5 in Fighting
 11223 | D:10     | Reached ***** piety under Uskayaw
 11343 | D:10     | Noticed Joseph
 11632 | D:11     | Found a transporter.
 11632 | D:11     | Noticed patfeehan111222's ghost (journeyman MiBe)
 11806 | D:11     | Reached skill level 5 in Dodging
 12028 | D:11     | Noticed a centaur warrior
 12033 | D:11     | Found a transporter.
 12042 | D:11     | Noticed an orc high priest
 12184 | D:11     | Reached XP level 12. HP: 63/68 MP: 9/19
 12630 | D:12     | Noticed a two-headed ogre
 12634 | D:12     | Killed a two-headed ogre
 12788 | D:12     | Found a gate leading to a gauntlet.
 12794 | Gauntlet | Entered a Gauntlet
 12794 | Gauntlet | Found a transporter.
 12806 | Gauntlet | Found a transporter.
 12829 | Gauntlet | Noticed a green death
 12847 | Gauntlet | Found a transporter.
 12882 | Gauntlet | Found a transporter.
 12882 | Gauntlet | Found a transporter.
 12895 | Gauntlet | Found a transporter.
 12904 | Gauntlet | Noticed a death scarab
 12928 | Gauntlet | Found a transporter.
 12929 | Gauntlet | Noticed a ghost crab
 12946 | Gauntlet | Noticed a death scarab
 12962 | Gauntlet | Found a transporter.
 12984 | Gauntlet | Found a transporter.
 12984 | Gauntlet | Found a transporter.
 13059 | Gauntlet | Found a transporter.
 13059 | Gauntlet | Found a transporter.
 13094 | Gauntlet | Identified the ring "Weukoth" {Fly rF- rCorr Dex+5}
 13269 | Gauntlet | Identified the ring "Hoafestric" {rF++ rCorr Dex+3}
 13283 | Gauntlet | Identified the +5 trident of the Elven Halls {drain, *Slow
                  | rCorr Dex+7 Stlth+}
 13283 | Gauntlet | Noticed a minotaur
 13296 | Gauntlet | Killed a minotaur
 13334 | Gauntlet | Got the Catalogue of the Liminal Switch
 13466 | D:12     | Found a staircase to the Orcish Mines.
 14354 | Lair:1   | Entered Level 1 of the Lair of Beasts
 14362 | Lair:1   | Reached skill level 10 in Stealth
 14399 | Lair:1   | Reached skill level 10 in Short Blades
 14399 | Lair:1   | Reached XP level 13. HP: 64/72 MP: 1/20
 14402 | Lair:1   | Noticed a catoblepas
 14412 | Lair:1   | Killed a catoblepas
 14497 | Lair:1   | Found a dark tunnel.
 14600 | Volcano  | Entered a volcano
 14663 | Volcano  | Reached skill level 11 in Invocations
 14812 | Volcano  | Reached skill level 10 in Dodging
 15213 | Lair:1   | Found a transporter.
 15251 | Lair:1   | Found a transporter.
 15251 | Lair:1   | Noticed Airmonger's ghost (journeyman DjCj)
 15903 | Lair:2   | Reached skill level 12 in Invocations
 16044 | Lair:2   | Reached XP level 14. HP: 72/82 MP: 23/23
 16160 | Lair:2   | Found a staircase to the Swamp.
 16477 | Lair:2   | Found a staircase to the Snake Pit.
 17928 | Lair:3   | Noticed Fannar
 18157 | Lair:3   | Killed Fannar
 18483 | Lair:4   | Reached skill level 13 in Invocations
 19668 | Lair:5   | Entered Level 5 of the Lair of Beasts
 19962 | Lair:5   | Noticed a dire elephant
 20035 | Lair:5   | Reached XP level 15. HP: 58/88 MP: 17/25
 20044 | Lair:5   | Reached skill level 14 in Invocations
 20215 | Lair:5   | Reached skill level 10 in Shields
 20819 | Lair:5   | Found a staircase to the Slime Pits.
 20827 | Lair:5   | Reached skill level 15 in Invocations
 21480 | D:6      | Killed Ceno's ghost
 21538 | D:7      | Noticed Dittersdorf's ghost (novice GrFi)
 21550 | D:7      | Killed Dittersdorf's ghost
 21635 | D:10     | Killed Joseph
 21775 | D:11     | Killed patfeehan111222's ghost
 22130 | D:13     | Noticed Josephine
 22153 | D:13     | Killed Josephine
 22515 | D:13     | Found a gate to the Vaults.
 22729 | D:13     | Found Keell's General Store.
 22740 | D:13     | Bought a potion of haste for 140 gold pieces
 22740 | D:13     | Bought a potion of degeneration for 14 gold pieces
 23402 | D:14     | Learned a level 3 spell: Tukima's Dance
 23708 | D:14     | Noticed Louise
 24143 | D:14     | Found a shimmering blue altar of Sif Muna.
 24192 | D:15     | Entered Level 15 of the Dungeon
 24453 | D:15     | Reached XP level 16. HP: 96/96 MP: 24/27
 24636 | D:15     | Reached skill level 16 in Invocations
 25410 | D:15     | Found a staircase to the Depths.
 25539 | Orc:1    | Entered Level 1 of the Orcish Mines
 25656 | Orc:1    | Found Ucidipn's Distillery.
 26061 | Orc:1    | Bought a potion of berserk rage for 80 gold pieces
 26061 | Orc:1    | Bought a potion of mutation for 128 gold pieces
 26081 | Orc:2    | Entered Level 2 of the Orcish Mines
 26081 | Orc:2    | Found a staircase to the Elven Halls.
 27457 | Orc:2    | Found Goyvis's Jewellery Shop.
 27458 | Orc:2    | Found Houlosenn's Book Boutique.
 27459 | Orc:2    | Found Afogolik's Distillery.
 27459 | Orc:2    | Found Peer Tia's Magic Scroll Shop.
 27487 | Orc:2    | Upgraded the game from 0.30-a0-847-g17996783a1 to
                  | 0.30-a0-852-g08b95dd62f
 27509 | Orc:2    | Bought 3 scrolls of blinking for 292 gold pieces
 27509 | Orc:2    | Bought a scroll of identify for 26 gold pieces
 27509 | Orc:2    | Bought a scroll of identify for 26 gold pieces
 27511 | Orc:2    | Bought a scroll of identify for 26 gold pieces
 27511 | Orc:2    | Bought a scroll of magic mapping for 97 gold pieces
 27511 | Orc:2    | Bought a scroll of identify for 26 gold pieces
 27511 | Orc:2    | Bought a scroll of immolation for 52 gold pieces
 27511 | Orc:2    | Bought a scroll of identify for 26 gold pieces
 27511 | Orc:2    | Bought a scroll of immolation for 52 gold pieces
 27512 | Orc:2    | Identified a scroll of acquirement
 27515 | Orc:2    | Bought a ring of poison resistance for 260 gold pieces
 27520 | Orc:2    | Bought a potion of ambrosia for 104 gold pieces
 27520 | Orc:2    | Bought 2 potions of curing for 78 gold pieces
 27520 | Orc:2    | Bought a potion of haste for 130 gold pieces
 27520 | Orc:2    | Bought a potion of curing for 39 gold pieces
 27520 | Orc:2    | Bought 2 potions of curing for 78 gold pieces
 27520 | Orc:2    | Bought 2 potions of heal wounds for 130 gold pieces
 27520 | Orc:2    | Bought 2 potions of attraction for 78 gold pieces
 27521 | Orc:2    | Bought a book of Lightning for 456 gold pieces
 27521 | Orc:2    | Bought an Inescapable Atlas for 384 gold pieces
 27524 | Orc:2    | Learned a level 2 spell: Blink
 27528 | Orc:2    | Learned a level 3 spell: Vhi's Electric Charge
 27721 | Depths:1 | Entered Level 1 of the Depths
 27842 | Depths:1 | Acquired 627 gold pieces
 28077 | Orc:2    | Bought a manual of Air Magic for 960 gold pieces
 28077 | Orc:2    | Bought a book of Burglary for 240 gold pieces
 28080 | Orc:2    | Learned a level 2 spell: Passwall
 28084 | Orc:2    | Learned a level 3 spell: Swiftness
 28333 | D:15     | Reached skill level 1 in Translocations
 28355 | Depths:1 | Reached skill level 1 in Air Magic
 28886 | Depths:1 | Noticed a tengu reaver
 28906 | Depths:1 | Found a runed translucent gate.
 28921 | Depths:1 | Reached XP level 17. HP: 67/101 MP: 29/29
 28978 | Depths:1 | Found a runed translucent gate.
 28978 | Depths:1 | Found a runed translucent gate.
 29133 | Depths:1 | Found a one-way gateway to a ziggurat.
 29137 | Depths:1 | Noticed a storm dragon
 29149 | Depths:1 | Killed a storm dragon
 29150 | Depths:1 | Reached skill level 5 in Armour
 29152 | Depths:1 | Killed a tengu reaver
 29153 | Depths:1 | Reached skill level 5 in Air Magic
 29430 | Depths:1 | Identified the ring "Pisum" {Fly rPois rF+ Dex-5}
 29544 | Depths:1 | Found a gateway to Hell.
 29613 | Depths:1 | Found Fareomar's Weapon Emporium.
 29785 | Depths:1 | Noticed a titan
 29789 | Depths:1 | Killed a titan
 29791 | Depths:1 | Reached skill level 5 in Translocations
 29807 | Depths:1 | Noticed a juggernaut
 29919 | Depths:1 | Noticed a caustic shrike
 29989 | Depths:1 | Killed a juggernaut
 29990 | Depths:1 | Reached skill level 10 in Air Magic
 29993 | Depths:1 | Noticed a quicksilver dragon
 30002 | Depths:1 | Killed a quicksilver dragon
 30048 | Depths:1 | Noticed a tentacled monstrosity
 30123 | Depths:1 | Killed a tentacled monstrosity
 30189 | Depths:1 | Noticed a caustic shrike
 30196 | Depths:1 | Killed a caustic shrike
 30196 | Depths:1 | Noticed a juggernaut
 30197 | Depths:1 | Reached skill level 1 in Transmutations
 30197 | Depths:1 | Reached skill level 1 in Earth Magic
 30205 | Depths:1 | Slain by a juggernaut

Illustrated notes

Levels and vault maps discovered:
D:1:      pf_arrival_petrified_forest, layout_basic
D:2:      layout_basic, chequers_ecumenical_altar_island, minmay_rat_hole
D:3:      layout_loops_ring, minmay_goblin_kobold_house, uniq_natasha,
          uniq_terence
D:4:      layout_loops_ring, mainiacjoe_overflow_surrounded_room,
          mainiacjoe_overflow_brackets, minmay_quantized
D:5:      layout_loops_corners, nicolae_wu_jian_immortal_techniques,
          uniq_crazy_yiuf_cottage
D:6:      layout_cave_pools, nicolae_overflow_hallway_of_the_gods,
          minmay_temple_entry_nine_rooms, gammafunk_ghost_icy
D:7:      layout_cave_pools, lemuel_tele_altar, gammafunk_ghost_necromancy,
          uniq_maggie, uniq_menkaure
D:8:      layout_basic, nicolae_ru_path_of_blood, kennysheep_mini_moat,
          minmay_lair_entry_grove
D:9:      layout_loops_corners, nicolae_kikubaaqudgha_miasma_corner,
          mainiacjoe_overflow_paths, ebering_ghost_xom
D:10:     layout_roguey, serial_shops, nicolae_shop_stone,
          nicolae_elevator_lobby_asterisk, uniq_joseph
D:11:     layout_irregular_city, gammafunk_ghost_arena,
          nicolae_straight_to_the_point
D:12:     layout_gridville, orc_0_dummy, gauntlet_entry_generic, serial_undead,
          serial_undead_b, serial_undead_a, serial_undead_e, serial_undead_b
D:13:     layout_loops_corners, erik_vaults_1, serial_shops,
          nicolae_square_shop, hangedman_decor_lopped, nrook_mini_vaults,
          uniq_josephine
D:14:     layout_irregular_city, lemuel_blue_sif_altar, uniq_louise
D:15:     grunt_enter_depths_hoard, layout_cave_pools, serial_bayou,
          serial_bayou_shore_a, serial_bayou_pond_e, serial_bayou_pond_a,
          serial_bayou_shore_b, nicolae_underground_beach
Temple:   chequers_temple_sunken
Lair:1:   beast_lair_carwin_large_2, layout_loops_ring, enter_volcano_1,
          gammafunk_ghost_arena
Lair:2:   layout_gridlike, minmay_swamp_entry_swarm,
          nicolae_snake_entry_warm_welcome, minivault_25
Lair:3:   layout_cave_pods, fungi_pond_lemuel, uniq_fannar
Lair:4:   layout_cave_pods, infiniplex_staircase_pool
Lair:5:   grunt_lair_end_beastmaster, layout_big_grid, slime_entry_1
Orc:1:    layout_diamond_mine, serial_shops, shop, basic_altar, mines3_lemuel
Orc:2:    st_orc_pillars, layout_diamond_mine
Depths:1: lemuel_castle_with_subvaults [lemuel_castle_interior_carwin_2],
          layout_honeycomb, enter_ziggurat_a, kennysheep_crisscross,
          pf_vacation_house_of_asmodeus, serial_shops,
          nicolae_shop_window_shopping, serial_bayou_ford_a,
          dreamdust_wishing_well, pandoras_box_mu

Skill      XL: |  1  2  3  4  5  6  7  8  9 10 11 12 13 14 15 16 17 |
---------------+----------------------------------------------------+-----
Stealth        | 2 3 4 5 10 11 12 | 12.2
Short Blades   | 1 2 3 4 5 6 10 | 10.0
Spellcasting   | 1 2 3 4 |  4.0
Hexes          | 1 2 3 4 5 6 8 |  8.1
Ice Magic      | 1 3 |  3.0
Throwing       | 2 4 |  4.0
Evocations     | 4 5 6 |  6.0
Shields        | 1 3 6 7 8 9 10 | 10.0
Armour         | 1 3 4 5 |  5.0
Fighting       | 2 5 7 8 9 |  9.6
Dodging        | 3 5 8 11 12 13 | 13.2
Invocations    | 4 7 10 12 13 15 16 | 16.6
Translocations | 3 6 |  6.3
Air Magic      | 4 10 | 10.0
Transmutations | 1 |  1.5
Earth Magic    | 1 |  1.5

Action                     |  1- 3 |  4- 6 |  7- 9 | 10-12 | 13-15 | 16-18 || total
---------------------------+-------+-------+-------+-------+-------+-------++-------
  Melee: Club              |    52 |       |       |       |       |       ||    52
         Dagger            |    75 |    75 |       |       |       |       ||   150
         Punch             |       |     2 |     2 |       |       |       ||     4
         Short sword       |       |    61 |   191 |   609 |   923 |   742 ||  2526
  Throw: Dart              |       |       |     2 |       |       |       ||     2
   Cast: Ensorcelled Hiber |       |       |       |     5 |    12 |    33 ||    50
         Tukima's Dance    |       |       |       |       |       |    10 ||    10
         Blink             |       |       |       |       |       |     2 ||     2
         Vhi's Electric Ch |       |       |       |       |       |     2 ||     2
         Passwall          |       |       |       |       |       |     1 ||     1
 Invoke: Stomp             |       |       |     5 |    36 |   103 |    65 ||   209
         Line Pass         |       |       |     3 |     3 |     7 |     7 ||    20
         Grand Finale      |       |       |       |       |     1 |       ||     1
  Evoke: Wand              |     8 |    10 |    12 |    15 |    16 |    48 ||   109
         Box of beasts     |       |       |       |     1 |     1 |     3 ||     5
         Tin of tremorston |       |       |       |       |     2 |     4 ||     6
         Phantom mirror    |       |       |       |       |       |     3 ||     3
    Use: Scroll            |       |     1 |     6 |     4 |    14 |    16 ||    41
         Potion            |       |       |       |     3 |     3 |     8 ||    14
   Stab: Sleeping          |    12 |    23 |    18 |    29 |    52 |    24 ||   158
         Paralysed         |       |       |     2 |    11 |    17 |    20 ||    50
         Confused          |       |       |     1 |     1 |     4 |     9 ||    15
         Distracted        |       |       |       |       |     3 |     5 ||     8
         Petrified         |       |       |       |       |     1 |       ||     1
 Armour: Leather armour    |    27 |    26 |    46 |       |       |       ||    99
         Steam dragon scal |       |       |     6 |    69 |       |       ||    75
         Troll leather arm |       |       |       |    47 |   168 |       ||   215
         Ring mail         |       |       |       |       |    26 |   184 ||   210
  Dodge: Dodged            |   111 |    66 |    91 |   233 |   555 |   483 ||  1539
  Block: Other             |       |       |    32 |       |       |       ||    32
         Kite shield       |       |       |    22 |   502 |   802 |   504 ||  1830
         Reflection        |       |       |       |     5 |     9 |       ||    14

Table legend: (Time is in decaauts)
 A = Elapsed time spent in this place.
 B = Non-inter-level travel time spent in this place.
 C = Inter-level travel time spent in this place.
 D = Time resting spent in this place.
 E = Time spent auto-exploring this place.
 F = Levels seen in this place.
 G = Mean time per level.
                   A        B        C        D        E       F      G
               +--------+--------+--------+--------+--------+-----+--------+
         Total |  29690 |  27573 |   2117 |   1393 |  20015 |  26 | 1141.9 |
       Dungeon |  18215 |  16671 |   1544 |    546 |  12782 |  15 | 1214.3 |
        Temple |    240 |    234 |      6 |      0 |    223 |   1 |  240.0 |
          Lair |   6402 |   6195 |    207 |    139 |   4775 |   5 | 1280.4 |
  Orcish Mines |   2128 |   1811 |    317 |    207 |   1018 |   2 | 1064.0 |
        Depths |   1797 |   1755 |     42 |    276 |    907 |   1 | 1797.0 |
       Volcano |    272 |    272 |      0 |     96 |      3 |   1 |  272.0 |
      Gauntlet |    633 |    633 |      0 |    129 |    305 |   1 |  633.0 |
               +--------+--------+--------+--------+--------+-----+--------+

Top non-repeatable levels by time:
Depths:1: 1797 daAuts
     D:5: 1625 daAuts
    D:15: 1615 daAuts
     D:8: 1520 daAuts
  Lair:3: 1436 daAuts
   Orc:2: 1400 daAuts
    D:12: 1389 daAuts
  Lair:5: 1383 daAuts
     D:9: 1363 daAuts
  Lair:2: 1325 daAuts
    D:13: 1279 daAuts
     D:2: 1221 daAuts
  Lair:4: 1212 daAuts
     D:1: 1157 daAuts
    D:11: 1088 daAuts
